Penguins vs Predators

Created - 4 novembre 2020 at 21:34

Goals
1 2 3 OT1 SO T
Penguins 1 1 0 0 0 2
Predators 2 0 0 0 1 3
Shots
1 2 3 OT1 SO T
Penguins 8 6 12 4 3 30
Predators 14 13 13 2 2 42

1st period

1. Predators , Oscar Klefbom 1 (Thomas Chabot 2, Max Pacioretty 1) at 5:39 (PP)
2. Penguins , Adrian Kempe 1 (Nathan MacKinnon 4) at 9:00
3. Predators , Colton Sissons 2 (Oscar Klefbom 2, Oliver Ekman-Larsson 4) at 10:29

Penalties :
Brent Seabrook (PIT) for Tripping (Minor) at 1:30, Filip Hronek (PIT) for Tripping (Minor) at 4:31, J.T. Miller (NSH) for Interference (Minor) at 6:55, J.T. Miller (NSH) for Hooking (Minor) at 10:40, Nathan MacKinnon (PIT) for Hooking (Minor) at 15:16

2nd period

4. Penguins , Alexander Nylander 2 (Drew Doughty 3, Adrian Kempe 1) at 18:29

Penalties :
Darren Helm (NSH) for Hooking (Minor) at 3:49, Oskar Lindblom (PIT) for High sticking (Minor) at 3:49, Filip Hronek (PIT) for Hooking (Minor) at 9:31, J.T. Miller (NSH) for Tripping (Minor) at 13:22

3rd period

No Goal

Penalties :
J.T. Miller (NSH) for Tripping (Minor) at 15:30

Overtime #1

No Goal

Penalties :
No Penalty

Shootout

Penguins, Nathan MacKinnon - Stopped by Thomas Greiss
Predators, Kyle Connor - Stopped by Connor Hellebuyck
Penguins, David Perron - Shot Misses the Net
Predators, Victor Olofsson - Goal!
Penguins, Gabriel Landeskog - Shot Misses the Net

Penalties :
No Penalty

Goalie Stats

Connor Hellebuyck (PIT), 40 saves from 42 shots - (0,952), OTL, 2-1-1, 65:00 minutes
Thomas Greiss (NSH), 28 saves from 30 shots - (0,933), W, 2-0-1, 65:00 minutes

Players Stats for Penguins

Player Name              G  A  P  +/- PIM S  H  SB GA TA FO     MP     PP MP  PK MP  
------------------------------------------------------------------------------------
Adrian Kempe             1  1  2   2  0   2  1  0  0  0  1/5    10:59   0:07   4:06 
Alex DeBrincat           0  0  0   0  0   4  0  1  0  0  0/0    16:56   3:39   0:04 
Alexander Nylander       1  0  1   2  0   1  0  0  0  0  0/0     4:55   0:00   0:00 
Brent Seabrook           0  0  0   0  2   1  3  1  0  0  0/0    14:51   0:00   0:11 
Clayton Keller           0  0  0   0  0   1  0  0  0  0  1/1    11:15   0:00   0:36 
David Perron             0  0  0  -1  0   2  0  0  0  0  1/3    21:12   4:10   0:00 
Drew Doughty             0  1  1   1  0   1  4  1  0  0  0/0    27:39   4:03   2:59 
Filip Hronek             0  0  0   0  4   2  2  6  0  0  0/0    22:01   3:53   2:13 
Gabriel Landeskog        0  0  0  -1  0   2  3  0  0  0  2/5    22:31   4:10   0:29 
Jonathan Huberdeau       0  0  0   0  0   2  0  1  0  0  0/3    18:15   3:39   0:00 
Julien Gauthier          0  0  0   0  0   1  0  0  0  0  3/15   12:40   0:07   0:00 
Marcus Pettersson        0  0  0   1  0   1  2  1  0  0  0/0    15:46   0:00   3:44 
Max Domi                 0  0  0   0  0   1  0  0  0  0  12/28  18:35   3:39   4:17 
Nathan MacKinnon         0  1  1  -1  2   6  0  0  0  0  12/34  25:19   4:17   1:54 
Oliver Bjorkstrand       0  0  0   0  0   2  1  0  0  0  0/0    10:39   0:00   0:00 
Oskar Lindblom           0  0  0   2  2   1  0  0  0  0  0/1     7:38   0:00   2:44 
Shea Weber               0  0  0   0  0   0  2  3  0  0  0/0    28:01   4:03   2:56 
Victor Mete              0  0  0   0  0   0  1  2  0  0  0/0    16:39   3:53   2:07 

Players Stats for Predators

Player Name              G  A  P  +/- PIM S  H  SB GA TA FO     MP     PP MP  PK MP  
------------------------------------------------------------------------------------
Alex Tuch                0  0  0   0  0   0  0  0  0  0  0/0    14:44   0:00   1:11 
Colton Sissons           1  0  1   1  0   2  0  0  0  0  0/0    12:21   0:00   2:38 
Darren Helm              0  0  0  -1  2   1  1  0  0  0  0/2    10:02   0:34   2:38 
Evgeny Kuznetsov         0  0  0  -1  0   7  0  1  0  0  16/25  18:42   3:12   0:00 
J.T. Compher             0  0  0   1  0   3  0  0  0  0  17/22  14:59   0:00   4:20 
J.T. Miller              0  0  0   0  8   4  1  0  0  0  15/25  19:43   3:53   0:00 
Kyle Connor              0  0  0  -1  0   5  0  0  0  0  0/0    20:41   3:53   0:00 
Logan Brown              0  0  0  -1  0   1  0  0  0  0  5/7     7:49   0:00   0:58 
Max Pacioretty           0  1  1   0  0   3  3  0  0  0  0/1    17:45   2:38   0:00 
Nikita Zadorov           0  0  0  -1  0   0  3  0  0  0  0/0    12:09   0:10   0:00 
Oliver Ekman-Larsson     0  1  1   0  0   2  2  1  0  0  0/0    26:34   4:03   3:54 
Oscar Klefbom            1  1  2   0  0   1  2  1  0  0  0/0    24:04   3:02   4:02 
Roman Josi               0  0  0   0  0   0  1  1  0  0  0/0    25:21   3:53   3:54 
Shea Theodore            0  0  0  -1  0   1  0  0  0  0  0/0    11:59   0:00   0:00 
Steven Stamkos           0  0  0  -1  0   5  1  0  0  0  9/11   19:21   3:53   0:00 
Thomas Chabot            0  1  1   0  0   3  0  0  0  0  0/0    24:53   3:02   4:02 
Tyler Pitlick            0  0  0  -1  0   0  0  0  0  0  0/1    10:58   0:00   4:07 
Victor Olofsson          0  0  0   1  0   4  0  0  0  0  1/1    12:55   3:12   0:00 

3 Stars

1 - Connor Hellebuyck (PIT)
2 - Adrian Kempe (PIT)
3 - Oscar Klefbom (NSH)

Power Play

Penguins - 0 on 4 Attempt(s) - 0,00%
Predators - 1 on 4 Attempt(s) - 25,00%

Penalty Kill

Penguins - 3 on 4 Attempt(s) - 75,00% - Score 0 goal in Penalty Kill
Predators - 4 on 4 Attempt(s) - 100,00% - Score 0 goal in Penalty Kill

Team Stat

Penguins - Hits : 19 - Faceoff Wins : 32 - Blocked Shots : 16 - Penalty Minutes : 10
Predators - Hits : 14 - Faceoff Wins : 63 - Blocked Shots : 4 - Penalty Minutes : 10

Official

Referees : Jon McIsaac and Pierre Lambert
Linesman : Tony Sericolo and Devin Berg

Game Notes

No Game Note

Finance

Level 1 -- Attendance: 4073 (62,66%) -- Ticket Income 610 950 $
Level 2 -- Attendance: 3284 (65,68%) -- Ticket Income 410 500 $
Level 3 -- Attendance: 1885 (53,86%) -- Ticket Income 188 500 $
Level 4 -- Attendance: 1113 (100,00%) -- Ticket Income 83 475 $
Luxury Box -- Attendance: 700 (70,00%) -- Ticket Income 210 000 $
Game was played at the Bridgestone Arena.
Total Attendance: 11055 (64,60%)
Total Ticket Income: 1 503 425 $
Other Income: 736 678 $
Total Income: 2 240 103 $

% Time on Ice - Penguins

Lines # - Real PCT - Wanted PCT - Time Play
Normal Forward
1 - 35% - 35% - 14:53
2 - 29% - 30% - 12:33
3 - 25% - 25% - 10:39
4 - 11% - 10% - 4:55
Normal Defense
1 - 39% - 40% - 16:53
2 - 34% - 35% - 14:41
3 - 25% - 25% - 10:39
4 - 2% - 0% - 0:47
PP Forward
1 - 54% - 60% - 4:17
2 - 46% - 40% - 3:39
PP Defense
1 - 51% - 60% - 4:03
2 - 49% - 40% - 3:53
PK Forward
1 - 61% - 60% - 4:21
2 - 39% - 40% - 2:44
PK Defense
1 - 41% - 60% - 2:56
2 - 59% - 40% - 4:09
PK3 Forward
1 - 0% - 60%
2 - 0% - 40%
PK3 Defense
1 - 0% - 60%
2 - 0% - 40%
44 Forward
1 - 76% - 60% - 1:30
2 - 24% - 40% - 0:29
44 Defense
1 - 70% - 60% - 1:23
2 - 30% - 40% - 0:36
Last Minute Offensive  - 0:00
Last Minute Defensive  - 0:00
Total
Forward - 60:00
Defense - 60:00

% Time on Ice - Predators

Lines # - Real PCT - Wanted PCT - Time Play
Normal Forward
1 - 30% - 31% - 12:53
2 - 32% - 31% - 13:33
3 - 23% - 25% - 9:43
4 - 16% - 13% - 6:51
Normal Defense
1 - 39% - 40% - 16:53
2 - 35% - 30% - 14:52
3 - 25% - 20% - 10:34
4 - 2% - 10% - 0:41
PP Forward
1 - 55% - 60% - 3:53
2 - 45% - 40% - 3:12
PP Defense
1 - 57% - 60% - 4:03
2 - 43% - 40% - 3:02
PK Forward
1 - 67% - 60% - 5:18
2 - 33% - 40% - 2:38
PK Defense
1 - 49% - 60% - 3:54
2 - 51% - 40% - 4:02
PK3 Forward
1 - 0% - 60%
2 - 0% - 40%
PK3 Defense
1 - 0% - 60%
2 - 0% - 40%
44 Forward
1 - 71% - 60% - 1:25
2 - 29% - 40% - 0:34
44 Defense
1 - 29% - 60% - 0:34
2 - 71% - 40% - 1:25
Last Minute Offensive  - 0:00
Last Minute Defensive  - 0:00
Total
Forward - 60:00
Defense - 60:00

Play-by-Play

1st period


0:01 of 1st period - Evgeny Kuznetsov wins face-off versus Nathan MacKinnon in neutral zone.
0:18 of 1st period - Shot by Steven Stamkos.
0:18 of 1st period - Shot Misses the Net.
0:20 of 1st period - Shot by Kyle Connor.
0:20 of 1st period - Shot Misses the Net.
0:30 of 1st period - Shot by Thomas Chabot.
0:30 of 1st period - Shot Misses the Net.
1:02 of 1st period - Off-side.
1:03 of 1st period - J.T. Compher wins face-off versus Max Domi in neutral zone.
1:14 of 1st period - Shot by Victor Olofsson.
1:14 of 1st period - Shot Misses the Net.
1:18 of 1st period - Shot by Victor Olofsson.
1:18 of 1st period - Stopped by Connor Hellebuyck without a rebound.
1:19 of 1st period - Logan Brown wins face-off versus Julien Gauthier in Penguins zone.
1:19 of 1st period - Oliver Ekman-Larsson is hit by Filip Hronek and loses puck.
1:25 of 1st period - Darren Helm is hit by Brent Seabrook.
1:30 of 1st period - Minor Penalty to Brent Seabrook for Tripping.
1:31 of 1st period - Steven Stamkos wins face-off versus Max Domi in Penguins zone.
2:02 of 1st period - Shot by J.T. Miller.
2:02 of 1st period - Shot Misses the Net.
2:32 of 1st period - Icing by Oscar Klefbom.
2:33 of 1st period - Evgeny Kuznetsov wins face-off versus Max Domi in Predators zone.
2:49 of 1st period - Shot by Thomas Chabot.
2:49 of 1st period - Shot Misses the Net.
2:55 of 1st period - Shot by Thomas Chabot.
2:55 of 1st period - Stopped by Connor Hellebuyck without a rebound.
2:56 of 1st period - Max Domi wins face-off versus Evgeny Kuznetsov in Penguins zone.
2:56 of 1st period - Max Domi is hit by Max Pacioretty.
3:15 of 1st period - Off-side.
3:16 of 1st period - Steven Stamkos wins face-off versus Max Domi in neutral zone.
3:45 of 1st period - Darren Helm is hit by Drew Doughty and loses puck.
4:04 of 1st period - Shot by Tyler Pitlick.
4:04 of 1st period - Shot Blocked by Drew Doughty.
4:06 of 1st period - Shot by Logan Brown.
4:06 of 1st period - Shot Blocked by Alex DeBrincat.
4:30 of 1st period - Shot by Thomas Chabot.
4:30 of 1st period - Shot Misses the Net.
4:31 of 1st period - Minor Penalty to Filip Hronek for Tripping.
4:32 of 1st period - Steven Stamkos wins face-off versus Max Domi in Penguins zone.
5:39 of 1st period - Shot by Oscar Klefbom.
5:39 of 1st period - Goal by Oscar Klefbom - Penguins : 0 - Predators : 1.
5:40 of 1st period - Max Domi wins face-off versus Logan Brown in neutral zone.
5:45 of 1st period - Shot by Oliver Bjorkstrand.
5:45 of 1st period - Shot Misses the Net.
5:47 of 1st period - Shot by Brent Seabrook.
5:47 of 1st period - Stopped by Thomas Greiss without a rebound.
5:48 of 1st period - J.T. Compher wins face-off versus Julien Gauthier in Predators zone.
6:05 of 1st period - Shot by J.T. Compher.
6:05 of 1st period - Stopped by Connor Hellebuyck without a rebound.
6:06 of 1st period - Evgeny Kuznetsov wins face-off versus Max Domi in Penguins zone.
6:11 of 1st period - Shot by Steven Stamkos.
6:11 of 1st period - Stopped by Connor Hellebuyck without a rebound.
6:12 of 1st period - J.T. Miller wins face-off versus Nathan MacKinnon in Penguins zone.
6:17 of 1st period - Shot by J.T. Miller.
6:17 of 1st period - Stopped by Connor Hellebuyck without a rebound.
6:18 of 1st period - J.T. Miller wins face-off versus Max Domi in Penguins zone.
6:31 of 1st period - Shot by Oliver Bjorkstrand.
6:31 of 1st period - Stopped by Thomas Greiss without a rebound.
6:32 of 1st period - Nathan MacKinnon wins face-off versus Evgeny Kuznetsov in Predators zone.
6:35 of 1st period - Shot by David Perron.
6:35 of 1st period - Stopped by Thomas Greiss with a rebound.
6:40 of 1st period - Off-side.
6:41 of 1st period - J.T. Miller wins face-off versus Max Domi in neutral zone.
6:43 of 1st period - Roman Josi is hit by Victor Mete and loses puck.
6:55 of 1st period - Minor Penalty to J.T. Miller for Interference.
6:56 of 1st period - J.T. Compher wins face-off versus Nathan MacKinnon in Predators zone.
7:05 of 1st period - Shot by Drew Doughty.
7:05 of 1st period - Stopped by Thomas Greiss without a rebound.
7:06 of 1st period - J.T. Compher wins face-off versus Nathan MacKinnon in Predators zone.
7:21 of 1st period - Shot by Nathan MacKinnon.
7:21 of 1st period - Shot Misses the Net.
8:00 of 1st period - Icing by Max Domi.
8:01 of 1st period - Max Domi wins face-off versus J.T. Compher in Penguins zone.
8:51 of 1st period - Roman Josi is hit by Gabriel Landeskog and loses puck.
8:57 of 1st period - Adrian Kempe is hit by Nikita Zadorov and loses puck.
9:00 of 1st period - Shot by Adrian Kempe.
9:00 of 1st period - Goal by Adrian Kempe - Penguins : 1 - Predators : 1.
9:01 of 1st period - Evgeny Kuznetsov wins face-off versus Adrian Kempe in neutral zone.
9:01 of 1st period - Evgeny Kuznetsov is hit by Adrian Kempe.
9:12 of 1st period - Shot by Oskar Lindblom.
9:12 of 1st period - Stopped by Thomas Greiss without a rebound.
9:13 of 1st period - J.T. Miller wins face-off versus Nathan MacKinnon in Predators zone.
9:21 of 1st period - J.T. Miller is hit by Brent Seabrook and loses puck.
9:30 of 1st period - Shot by Max Pacioretty.
9:30 of 1st period - Stopped by Connor Hellebuyck without a rebound.
9:31 of 1st period - Evgeny Kuznetsov wins face-off versus Julien Gauthier in Penguins zone.
9:34 of 1st period - Shot by Steven Stamkos.
9:34 of 1st period - Stopped by Connor Hellebuyck without a rebound.
9:35 of 1st period - J.T. Compher wins face-off versus Nathan MacKinnon in Penguins zone.
9:35 of 1st period - J.T. Compher is hit by Drew Doughty.
9:45 of 1st period - Shot by J.T. Compher.
9:45 of 1st period - Stopped by Connor Hellebuyck without a rebound.
9:46 of 1st period - Evgeny Kuznetsov wins face-off versus Max Domi in Penguins zone.
10:03 of 1st period - Shot by Steven Stamkos.
10:03 of 1st period - Stopped by Connor Hellebuyck without a rebound.
10:04 of 1st period - J.T. Compher wins face-off versus Nathan MacKinnon in Penguins zone.
10:16 of 1st period - Victor Olofsson is hit by Drew Doughty and loses puck.
10:27 of 1st period - Shot by Colton Sissons.
10:27 of 1st period - Shot Blocked by Shea Weber.
10:29 of 1st period - Shot by Colton Sissons.
10:29 of 1st period - Goal by Colton Sissons - Penguins : 1 - Predators : 2.
10:30 of 1st period - J.T. Miller wins face-off versus Julien Gauthier in neutral zone.
10:40 of 1st period - Minor Penalty to J.T. Miller for Hooking.
10:41 of 1st period - J.T. Compher wins face-off versus Nathan MacKinnon in Predators zone.
11:09 of 1st period - Shot by Gabriel Landeskog.
11:09 of 1st period - Stopped by Thomas Greiss without a rebound.
11:10 of 1st period - Max Domi wins face-off versus J.T. Compher in Predators zone.
11:50 of 1st period - Shot by Jonathan Huberdeau.
11:50 of 1st period - Shot Misses the Net.
12:49 of 1st period - Shot by Evgeny Kuznetsov.
12:49 of 1st period - Stopped by Connor Hellebuyck without a rebound.
12:50 of 1st period - Evgeny Kuznetsov wins face-off versus Adrian Kempe in Penguins zone.
12:53 of 1st period - Shot by Kyle Connor.
12:53 of 1st period - Shot Misses the Net.
12:56 of 1st period - Icing by Oskar Lindblom.
12:57 of 1st period - J.T. Miller wins face-off versus Oskar Lindblom in Penguins zone.
13:30 of 1st period - Icing by Marcus Pettersson.
13:31 of 1st period - J.T. Compher wins face-off versus Adrian Kempe in Penguins zone.
14:00 of 1st period - Shot by Colton Sissons.
14:00 of 1st period - Shot Blocked by Victor Mete.
14:15 of 1st period - Icing by Nikita Zadorov.
14:16 of 1st period - J.T. Compher wins face-off versus Nathan MacKinnon in Predators zone.
14:18 of 1st period - Icing by Shea Theodore.
14:19 of 1st period - Nathan MacKinnon wins face-off versus J.T. Compher in Predators zone.
15:16 of 1st period - Minor Penalty to Nathan MacKinnon for Hooking.
15:17 of 1st period - Steven Stamkos wins face-off versus Max Domi in Penguins zone.
15:24 of 1st period - Shot by Kyle Connor.
15:24 of 1st period - Shot Misses the Net.
15:48 of 1st period - Shot by Oliver Ekman-Larsson.
15:48 of 1st period - Stopped by Connor Hellebuyck with a rebound.
17:15 of 1st period - Shot by Clayton Keller.
17:15 of 1st period - Stopped by Thomas Greiss without a rebound.
17:16 of 1st period - Julien Gauthier wins face-off versus Darren Helm in Predators zone.
17:16 of 1st period - Julien Gauthier is hit by Nikita Zadorov.
18:01 of 1st period - Icing by Brent Seabrook.
18:02 of 1st period - J.T. Compher wins face-off versus Jonathan Huberdeau in Penguins zone.
18:05 of 1st period - Shot by Colton Sissons.
18:05 of 1st period - Shot Blocked by Brent Seabrook.
18:17 of 1st period - Shot by Oliver Ekman-Larsson.
18:17 of 1st period - Shot Misses the Net.
18:37 of 1st period - Shot by J.T. Compher.
18:37 of 1st period - Stopped by Connor Hellebuyck without a rebound.
18:38 of 1st period - Max Domi wins face-off versus J.T. Miller in Penguins zone.
18:47 of 1st period - Shot by Shea Weber.
18:47 of 1st period - Shot Blocked by Roman Josi.
19:06 of 1st period - Icing by Shea Weber.
19:07 of 1st period - Max Domi wins face-off versus Evgeny Kuznetsov in Penguins zone.
Goals for this period are 1 for Penguins vs 2 for Predators.
Shots for this period are 8 for Penguins vs 14 for Predators.

2nd period


0:01 of 2nd period - J.T. Miller wins face-off versus Nathan MacKinnon in neutral zone.
0:06 of 2nd period - Shot by J.T. Miller.
0:06 of 2nd period - Shot Blocked by Shea Weber.
0:09 of 2nd period - Icing by Drew Doughty.
0:10 of 2nd period - Nathan MacKinnon wins face-off versus Evgeny Kuznetsov in Penguins zone.
1:05 of 2nd period - Shot by J.T. Miller.
1:05 of 2nd period - Stopped by Connor Hellebuyck with a rebound.
1:33 of 2nd period - Shot by J.T. Miller.
1:33 of 2nd period - Shot Misses the Net.
1:58 of 2nd period - Shot by J.T. Compher.
1:58 of 2nd period - Shot Blocked by Filip Hronek.
2:20 of 2nd period - Shot by J.T. Compher.
2:20 of 2nd period - Shot Blocked by Filip Hronek.
2:22 of 2nd period - Shot by J.T. Compher.
2:22 of 2nd period - Shot Blocked by Filip Hronek.
2:24 of 2nd period - Shot by Victor Olofsson.
2:24 of 2nd period - Stopped by Connor Hellebuyck with a rebound.
2:26 of 2nd period - Shot by Colton Sissons.
2:26 of 2nd period - Stopped by Connor Hellebuyck without a rebound.
2:27 of 2nd period - Evgeny Kuznetsov wins face-off versus Max Domi in Penguins zone.
2:36 of 2nd period - Kyle Connor is hit by Oliver Bjorkstrand and loses puck.
3:49 of 2nd period - Minor Penalty to Darren Helm for Hooking.
3:49 of 2nd period - Minor Penalty to Oskar Lindblom for High sticking.
3:50 of 2nd period - J.T. Miller wins face-off versus Nathan MacKinnon in neutral zone.
3:55 of 2nd period - Shot by J.T. Miller.
3:55 of 2nd period - Shot Blocked by Shea Weber.
4:45 of 2nd period - Icing by J.T. Miller.
4:46 of 2nd period - J.T. Miller wins face-off versus Nathan MacKinnon in Predators zone.
4:58 of 2nd period - Shot by Nathan MacKinnon.
4:58 of 2nd period - Stopped by Thomas Greiss with a rebound.
5:14 of 2nd period - Shot by Nathan MacKinnon.
5:14 of 2nd period - Stopped by Thomas Greiss without a rebound.
5:15 of 2nd period - Evgeny Kuznetsov wins face-off versus David Perron in Predators zone.
5:34 of 2nd period - Shot by Steven Stamkos.
5:34 of 2nd period - Shot Misses the Net.
5:36 of 2nd period - Shot by Evgeny Kuznetsov.
5:36 of 2nd period - Stopped by Connor Hellebuyck without a rebound.
5:37 of 2nd period - Nathan MacKinnon wins face-off versus Evgeny Kuznetsov in Penguins zone.
5:44 of 2nd period - Shot by Nathan MacKinnon.
5:44 of 2nd period - Shot Blocked by Oscar Klefbom.
6:58 of 2nd period - Jonathan Huberdeau is hit by Darren Helm and loses puck.
7:26 of 2nd period - Icing by Oscar Klefbom.
7:27 of 2nd period - Logan Brown wins face-off versus David Perron in Predators zone.
7:27 of 2nd period - Oliver Ekman-Larsson is hit by Gabriel Landeskog and loses puck.
7:44 of 2nd period - Shot by Max Pacioretty.
7:44 of 2nd period - Stopped by Connor Hellebuyck without a rebound.
7:45 of 2nd period - Max Domi wins face-off versus J.T. Miller in Penguins zone.
7:59 of 2nd period - Icing by Roman Josi.
8:00 of 2nd period - Nathan MacKinnon wins face-off versus J.T. Miller in Predators zone.
8:03 of 2nd period - Shot by Gabriel Landeskog.
8:03 of 2nd period - Shot Misses the Net.
8:09 of 2nd period - Shot by David Perron.
8:09 of 2nd period - Deflect By Nathan MacKinnon.
8:09 of 2nd period - Shot Misses the Net.
8:20 of 2nd period - Gabriel Landeskog is hit by Roman Josi and loses puck.
9:12 of 2nd period - Shot by Evgeny Kuznetsov.
9:12 of 2nd period - Shot Misses the Net.
9:14 of 2nd period - Shot by Kyle Connor.
9:14 of 2nd period - Stopped by Connor Hellebuyck with a rebound.
9:31 of 2nd period - Minor Penalty to Filip Hronek for Hooking.
9:32 of 2nd period - Evgeny Kuznetsov wins face-off versus Max Domi in Penguins zone.
9:37 of 2nd period - Shot by Victor Olofsson.
9:37 of 2nd period - Shot Misses the Net.
10:13 of 2nd period - Shot by Oscar Klefbom.
10:13 of 2nd period - Shot Blocked by Marcus Pettersson.
10:47 of 2nd period - Shot by Oliver Ekman-Larsson.
10:47 of 2nd period - Shot Blocked by Victor Mete.
10:49 of 2nd period - Shot by Oliver Ekman-Larsson.
10:49 of 2nd period - Stopped by Connor Hellebuyck without a rebound.
10:50 of 2nd period - Nathan MacKinnon wins face-off versus Evgeny Kuznetsov in Penguins zone.
10:59 of 2nd period - Nathan MacKinnon is hit by Max Pacioretty and loses puck.
11:04 of 2nd period - Shot by Thomas Chabot.
11:04 of 2nd period - Stopped by Connor Hellebuyck with a rebound.
11:29 of 2nd period - Icing by Oliver Ekman-Larsson.
11:30 of 2nd period - Steven Stamkos wins face-off versus Gabriel Landeskog in Predators zone.
11:34 of 2nd period - Off-side.
11:35 of 2nd period - Logan Brown wins face-off versus Julien Gauthier in neutral zone.
11:58 of 2nd period - Shot by Logan Brown.
11:58 of 2nd period - Stopped by Connor Hellebuyck without a rebound.
11:59 of 2nd period - J.T. Compher wins face-off versus Nathan MacKinnon in Penguins zone.
11:59 of 2nd period - Oscar Klefbom is hit by Shea Weber and loses puck.
12:22 of 2nd period - Gabriel Landeskog is hit by Oliver Ekman-Larsson and loses puck.
12:50 of 2nd period - Icing by Drew Doughty.
12:51 of 2nd period - J.T. Miller wins face-off versus Nathan MacKinnon in Penguins zone.
13:22 of 2nd period - Minor Penalty to J.T. Miller for Tripping.
13:23 of 2nd period - J.T. Compher wins face-off versus Max Domi in Predators zone.
14:00 of 2nd period - Shot by Jonathan Huberdeau.
14:00 of 2nd period - Stopped by Thomas Greiss with a rebound.
14:02 of 2nd period - Shot by Victor Mete.
14:02 of 2nd period - Shot Blocked by Oliver Ekman-Larsson.
15:00 of 2nd period - Shot by Jonathan Huberdeau.
15:00 of 2nd period - Shot Misses the Net.
15:02 of 2nd period - Shot by Filip Hronek.
15:02 of 2nd period - Shot Misses the Net.
15:28 of 2nd period - Shot by Adrian Kempe.
15:28 of 2nd period - Stopped by Thomas Greiss without a rebound.
15:29 of 2nd period - Evgeny Kuznetsov wins face-off versus Adrian Kempe in Predators zone.
15:46 of 2nd period - Shot by Steven Stamkos.
15:46 of 2nd period - Stopped by Connor Hellebuyck with a rebound.
15:50 of 2nd period - Shot by Evgeny Kuznetsov.
15:50 of 2nd period - Stopped by Connor Hellebuyck without a rebound.
15:51 of 2nd period - Max Domi wins face-off versus J.T. Miller in Penguins zone.
16:10 of 2nd period - Shot by Oliver Ekman-Larsson.
16:10 of 2nd period - Shot Misses the Net.
17:14 of 2nd period - Shot by Evgeny Kuznetsov.
17:14 of 2nd period - Shot Misses the Net.
17:59 of 2nd period - Shot by Jonathan Huberdeau.
17:59 of 2nd period - Deflect By Alex DeBrincat.
17:59 of 2nd period - Stopped by Thomas Greiss without a rebound.
18:00 of 2nd period - Adrian Kempe wins face-off versus Logan Brown in Predators zone.
18:25 of 2nd period - Shot by Adrian Kempe.
18:25 of 2nd period - Shot Misses the Net.
18:29 of 2nd period - Shot by Alexander Nylander.
18:29 of 2nd period - Goal by Alexander Nylander - Penguins : 2 - Predators : 2.
18:30 of 2nd period - J.T. Miller wins face-off versus Julien Gauthier in neutral zone.
18:32 of 2nd period - Off-side.
18:33 of 2nd period - J.T. Miller wins face-off versus Nathan MacKinnon in neutral zone.
18:46 of 2nd period - Shot by Thomas Chabot.
18:46 of 2nd period - Stopped by Connor Hellebuyck without a rebound.
18:47 of 2nd period - Evgeny Kuznetsov wins face-off versus Julien Gauthier in Penguins zone.
19:31 of 2nd period - Kyle Connor is hit by Shea Weber and loses puck.
19:52 of 2nd period - Shot by J.T. Miller.
19:52 of 2nd period - Stopped by Connor Hellebuyck without a rebound.
19:53 of 2nd period - J.T. Compher wins face-off versus Nathan MacKinnon in Penguins zone.
19:53 of 2nd period - J.T. Compher is hit by Brent Seabrook.
Goals for this period are 1 for Penguins vs 0 for Predators.
Shots for this period are 6 for Penguins vs 13 for Predators.

3rd period


0:01 of 3rd period - Nathan MacKinnon wins face-off versus Max Pacioretty in neutral zone.
0:25 of 3rd period - Icing by Shea Weber.
0:26 of 3rd period - Gabriel Landeskog wins face-off versus Evgeny Kuznetsov in Penguins zone.
0:45 of 3rd period - Shot by Nathan MacKinnon.
0:45 of 3rd period - Stopped by Thomas Greiss without a rebound.
0:46 of 3rd period - J.T. Compher wins face-off versus Julien Gauthier in Predators zone.
1:01 of 3rd period - Shot by Alex DeBrincat.
1:01 of 3rd period - Stopped by Thomas Greiss with a rebound.
2:13 of 3rd period - Shot by Max Pacioretty.
2:13 of 3rd period - Shot Misses the Net.
2:32 of 3rd period - Shea Weber is hit by Steven Stamkos and loses puck.
2:37 of 3rd period - Shot by Shea Theodore.
2:37 of 3rd period - Stopped by Connor Hellebuyck without a rebound.
2:38 of 3rd period - Nathan MacKinnon wins face-off versus Darren Helm in Penguins zone.
3:44 of 3rd period - Shot by Kyle Connor.
3:44 of 3rd period - Deflect By Evgeny Kuznetsov.
3:44 of 3rd period - Stopped by Connor Hellebuyck without a rebound.
3:45 of 3rd period - J.T. Miller wins face-off versus Julien Gauthier in Penguins zone.
3:58 of 3rd period - Shot by J.T. Miller.
3:58 of 3rd period - Stopped by Connor Hellebuyck without a rebound.
3:59 of 3rd period - Max Domi wins face-off versus Evgeny Kuznetsov in Penguins zone.
4:09 of 3rd period - Shot by Brent Seabrook.
4:09 of 3rd period - Shot Misses the Net.
4:21 of 3rd period - Shot by Clayton Keller.
4:21 of 3rd period - Shot Misses the Net.
4:23 of 3rd period - Shot by Oliver Bjorkstrand.
4:23 of 3rd period - Stopped by Thomas Greiss without a rebound.
4:24 of 3rd period - Nathan MacKinnon wins face-off versus J.T. Miller in Predators zone.
4:56 of 3rd period - Shot by Nathan MacKinnon.
4:56 of 3rd period - Stopped by Thomas Greiss with a rebound.
5:34 of 3rd period - Shot by Steven Stamkos.
5:34 of 3rd period - Shot Blocked by Jonathan Huberdeau.
5:46 of 3rd period - Shot by Evgeny Kuznetsov.
5:46 of 3rd period - Shot Misses the Net.
5:48 of 3rd period - Shot by Steven Stamkos.
5:48 of 3rd period - Shot Misses the Net.
6:13 of 3rd period - Off-side.
6:14 of 3rd period - Victor Olofsson wins face-off versus Max Domi in neutral zone.
6:36 of 3rd period - Shot by Victor Olofsson.
6:36 of 3rd period - Stopped by Connor Hellebuyck without a rebound.
6:37 of 3rd period - Logan Brown wins face-off versus Nathan MacKinnon in Penguins zone.
7:04 of 3rd period - Shot by Darren Helm.
7:04 of 3rd period - Stopped by Connor Hellebuyck without a rebound.
7:05 of 3rd period - J.T. Miller wins face-off versus Max Domi in Penguins zone.
7:05 of 3rd period - Oscar Klefbom is hit by Marcus Pettersson and loses puck.
7:09 of 3rd period - Icing by Victor Mete.
7:10 of 3rd period - Clayton Keller wins face-off versus J.T. Miller in Penguins zone.
7:10 of 3rd period - Max Domi is hit by Max Pacioretty and loses puck.
7:16 of 3rd period - Victor Mete is hit by J.T. Miller and loses puck.
7:22 of 3rd period - Marcus Pettersson is hit by Oscar Klefbom and loses puck.
7:25 of 3rd period - Shot by Oliver Bjorkstrand.
7:25 of 3rd period - Shot Misses the Net.
7:27 of 3rd period - Shot by Marcus Pettersson.
7:27 of 3rd period - Stopped by Thomas Greiss with a rebound.
7:32 of 3rd period - Max Domi is hit by Oliver Ekman-Larsson and loses puck.
7:56 of 3rd period - Icing by Oliver Ekman-Larsson.
7:57 of 3rd period - Nathan MacKinnon wins face-off versus J.T. Miller in Predators zone.
8:26 of 3rd period - Shot by Gabriel Landeskog.
8:26 of 3rd period - Shot Misses the Net.
8:32 of 3rd period - Shot by Nathan MacKinnon.
8:32 of 3rd period - Shot Misses the Net.
9:03 of 3rd period - Icing by Roman Josi.
9:04 of 3rd period - Evgeny Kuznetsov wins face-off versus Julien Gauthier in Predators zone.
9:23 of 3rd period - Shot by Kyle Connor.
9:23 of 3rd period - Stopped by Connor Hellebuyck without a rebound.
9:24 of 3rd period - J.T. Compher wins face-off versus Max Domi in Penguins zone.
9:46 of 3rd period - Icing by Marcus Pettersson.
9:47 of 3rd period - Max Domi wins face-off versus Evgeny Kuznetsov in Penguins zone.
9:56 of 3rd period - Shot by Evgeny Kuznetsov.
9:56 of 3rd period - Stopped by Connor Hellebuyck without a rebound.
9:57 of 3rd period - Logan Brown wins face-off versus Jonathan Huberdeau in Penguins zone.
10:06 of 3rd period - Shot by Jonathan Huberdeau.
10:06 of 3rd period - Stopped by Thomas Greiss without a rebound.
10:07 of 3rd period - Evgeny Kuznetsov wins face-off versus Nathan MacKinnon in Predators zone.
10:07 of 3rd period - Evgeny Kuznetsov is hit by Gabriel Landeskog.
10:12 of 3rd period - Kyle Connor is hit by Drew Doughty and loses puck.
10:21 of 3rd period - Shot by Kyle Connor.
10:21 of 3rd period - Shot Misses the Net.
10:23 of 3rd period - Shot by Kyle Connor.
10:23 of 3rd period - Stopped by Connor Hellebuyck without a rebound.
10:24 of 3rd period - J.T. Compher wins face-off versus Julien Gauthier in Penguins zone.
10:27 of 3rd period - Shot by Colton Sissons.
10:27 of 3rd period - Shot Blocked by Filip Hronek.
10:30 of 3rd period - Icing by Filip Hronek.
10:31 of 3rd period - Evgeny Kuznetsov wins face-off versus Julien Gauthier in Penguins zone.
10:31 of 3rd period - Kyle Connor is hit by Filip Hronek and loses puck.
12:31 of 3rd period - Shot by Max Domi.
12:31 of 3rd period - Stopped by Thomas Greiss with a rebound.
12:42 of 3rd period - Shot by J.T. Miller.
12:42 of 3rd period - Deflect By Max Pacioretty.
12:42 of 3rd period - Stopped by Connor Hellebuyck with a rebound.
12:44 of 3rd period - Shot by J.T. Miller.
12:44 of 3rd period - Shot Misses the Net.
14:25 of 3rd period - Shot by Jonathan Huberdeau.
14:25 of 3rd period - Shot Misses the Net.
14:27 of 3rd period - Shot by Julien Gauthier.
14:27 of 3rd period - Stopped by Thomas Greiss without a rebound.
14:28 of 3rd period - Nathan MacKinnon wins face-off versus J.T. Compher in Predators zone.
14:39 of 3rd period - Shot by Nathan MacKinnon.
14:39 of 3rd period - Shot Misses the Net.
14:51 of 3rd period - Shot by Nathan MacKinnon.
14:51 of 3rd period - Stopped by Thomas Greiss without a rebound.
14:52 of 3rd period - Max Domi wins face-off versus J.T. Miller in Predators zone.
15:04 of 3rd period - Clayton Keller is hit by Oscar Klefbom and loses puck.
15:30 of 3rd period - Minor Penalty to J.T. Miller for Tripping.
15:31 of 3rd period - J.T. Compher wins face-off versus Nathan MacKinnon in Predators zone.
15:44 of 3rd period - Shot by Nathan MacKinnon.
15:44 of 3rd period - Deflect By Gabriel Landeskog.
15:44 of 3rd period - Shot Misses the Net.
15:46 of 3rd period - Shot by Filip Hronek.
15:46 of 3rd period - Stopped by Thomas Greiss with a rebound.
16:00 of 3rd period - Shot by David Perron.
16:00 of 3rd period - Stopped by Thomas Greiss without a rebound.
16:01 of 3rd period - Max Domi wins face-off versus Tyler Pitlick in Predators zone.
17:12 of 3rd period - Shot by Filip Hronek.
17:12 of 3rd period - Stopped by Thomas Greiss without a rebound.
17:13 of 3rd period - David Perron wins face-off versus J.T. Compher in Predators zone.
17:26 of 3rd period - Shot by Shea Weber.
17:26 of 3rd period - Shot Misses the Net.
17:35 of 3rd period - Nathan MacKinnon is hit by Nikita Zadorov and loses puck.
17:52 of 3rd period - Shot by Shea Theodore.
17:52 of 3rd period - Shot Blocked by Filip Hronek.
17:58 of 3rd period - Shot by Evgeny Kuznetsov.
17:58 of 3rd period - Stopped by Connor Hellebuyck with a rebound.
18:00 of 3rd period - Shot by Nikita Zadorov.
18:00 of 3rd period - Shot Blocked by Filip Hronek.
18:02 of 3rd period - Shot by Kyle Connor.
18:02 of 3rd period - Deflect By Steven Stamkos.
18:02 of 3rd period - Stopped by Connor Hellebuyck with a rebound.
18:04 of 3rd period - Shot by Evgeny Kuznetsov.
18:04 of 3rd period - Stopped by Connor Hellebuyck without a rebound.
18:05 of 3rd period - Julien Gauthier wins face-off versus J.T. Miller in Penguins zone.
18:07 of 3rd period - Icing by Jonathan Huberdeau.
18:08 of 3rd period - Julien Gauthier wins face-off versus J.T. Miller in Penguins zone.
18:17 of 3rd period - Shot by Alex DeBrincat.
18:17 of 3rd period - Shot Misses the Net.
18:42 of 3rd period - J.T. Miller is hit by Marcus Pettersson and loses puck.
19:38 of 3rd period - Shot by Victor Olofsson.
19:38 of 3rd period - Stopped by Connor Hellebuyck with a rebound.
Goals for this period are 0 for Penguins vs 0 for Predators.
Shots for this period are 12 for Penguins vs 13 for Predators.

Overtime #1


0:01 of 1st overtime period - Evgeny Kuznetsov wins face-off versus Nathan MacKinnon in neutral zone.
0:24 of 1st overtime period - Shot by Evgeny Kuznetsov.
0:24 of 1st overtime period - Shot Misses the Net.
0:26 of 1st overtime period - Shot by Evgeny Kuznetsov.
0:26 of 1st overtime period - Shot Misses the Net.
0:28 of 1st overtime period - Shot by Kyle Connor.
0:28 of 1st overtime period - Stopped by Connor Hellebuyck without a rebound.
0:29 of 1st overtime period - Steven Stamkos wins face-off versus Nathan MacKinnon in Penguins zone.
0:38 of 1st overtime period - Shot by Kyle Connor.
0:38 of 1st overtime period - Deflect By Steven Stamkos.
0:38 of 1st overtime period - Shot Misses the Net.
0:46 of 1st overtime period - Shot by Steven Stamkos.
0:46 of 1st overtime period - Shot Misses the Net.
0:52 of 1st overtime period - Shot by Kyle Connor.
0:52 of 1st overtime period - Shot Misses the Net.
0:54 of 1st overtime period - Shot by Kyle Connor.
0:54 of 1st overtime period - Shot Misses the Net.
2:20 of 1st overtime period - Shot by Filip Hronek.
2:20 of 1st overtime period - Shot Misses the Net.
2:22 of 1st overtime period - Shot by Alex DeBrincat.
2:22 of 1st overtime period - Stopped by Thomas Greiss with a rebound.
2:24 of 1st overtime period - Shot by Filip Hronek.
2:24 of 1st overtime period - Shot Blocked by Evgeny Kuznetsov.
2:38 of 1st overtime period - Shot by Alex DeBrincat.
2:38 of 1st overtime period - Stopped by Thomas Greiss without a rebound.
2:39 of 1st overtime period - Nathan MacKinnon wins face-off versus Steven Stamkos in Predators zone.
2:46 of 1st overtime period - Shot by Nathan MacKinnon.
2:46 of 1st overtime period - Stopped by Thomas Greiss without a rebound.
2:47 of 1st overtime period - Steven Stamkos wins face-off versus Nathan MacKinnon in Predators zone.
3:16 of 1st overtime period - Shot by Steven Stamkos.
3:16 of 1st overtime period - Shot Misses the Net.
3:22 of 1st overtime period - Shot by Kyle Connor.
3:22 of 1st overtime period - Stopped by Connor Hellebuyck without a rebound.
3:23 of 1st overtime period - J.T. Miller wins face-off versus Jonathan Huberdeau in Penguins zone.
3:24 of 1st overtime period - Shot by Thomas Chabot.
3:24 of 1st overtime period - Shot Misses the Net.
4:00 of 1st overtime period - Shot by David Perron.
4:00 of 1st overtime period - Shot Misses the Net.
4:18 of 1st overtime period - Icing by Shea Weber.
4:19 of 1st overtime period - Gabriel Landeskog wins face-off versus Steven Stamkos in Penguins zone.
4:21 of 1st overtime period - Icing by Shea Weber.
4:22 of 1st overtime period - Steven Stamkos wins face-off versus Gabriel Landeskog in Penguins zone.
4:50 of 1st overtime period - Icing by Shea Weber.
4:51 of 1st overtime period - Steven Stamkos wins face-off versus Gabriel Landeskog in Penguins zone.
4:52 of 1st overtime period - Shot by Kyle Connor.
4:52 of 1st overtime period - Shot Misses the Net.
4:59 of 1st overtime period - Shot by Gabriel Landeskog.
4:59 of 1st overtime period - Stopped by Thomas Greiss without a rebound.
Goals for this period are 0 for Penguins vs 0 for Predators.
Shots for this period are 4 for Penguins vs 2 for Predators.

ShootOut


5:00 of 1st overtime period - Round #1.
5:00 of 1st overtime period - Penguins, Nathan MacKinnon.
5:00 of 1st overtime period - Stopped by Thomas Greiss.
5:00 of 1st overtime period - Predators, Kyle Connor.
5:00 of 1st overtime period - Stopped by Connor Hellebuyck.
5:00 of 1st overtime period - Round #2.
5:00 of 1st overtime period - Penguins, David Perron.
5:00 of 1st overtime period - Shot Misses the Net.
5:00 of 1st overtime period - Predators, Victor Olofsson.
5:00 of 1st overtime period - Goal by Victor Olofsson.
5:00 of 1st overtime period - Round #3.
5:00 of 1st overtime period - Penguins, Gabriel Landeskog.
5:00 of 1st overtime period - Shot Misses the Net.